 Dungeon Crawl Stone Soup version 0.28-b1-25-g9875b3fc8c (webtiles) character file.

Game seed: 3894801353191325943

853 sanka the Frost Mage (level 8, 0/44 HPs)
             Began as a Kobold Warper on Feb 7, 2022.
             Killed from afar by Edmund (6 damage)
             ... with a puff of flame
             ... on level 5 of the Dungeon.
             The game lasted 00:09:01 (7247 turns).

sanka the Frost Mage (Kobold Warper)                Turns: 7247, Time: 00:09:01

Health: 0/44       AC:  5    Str:  8    XL:     8   Next: 21%
Magic:  9/12       EV: 14    Int: 21    God:
Gold:   195        SH:  0    Dex: 14    Spells: 9/13 levels left

rFire   . . .      SeeInvis .   h - +7 flail "Doacad" {pain, Int+4}
rCold   . . .      Faith    .   (no shield)
rNeg    . . .      Spirit   .   a - +0 leather armour
rPois   .          Reflect  .   m - +1 helmet
rElec   .          Harm     .   (no cloak)
rCorr   .          Rampage  .   (no gloves)
Will    .....                   (no boots)
Stlth   ++........              (no amulet)
HPRegen 0.14/turn               (no ring)
MPRegen 0.13/turn               (no ring)

@: freezing walls
A: small, no large weapons, nightstalker 3
a: no special abilities


You were on level 5 of the Dungeon.
You visited 1 branch of the dungeon, and saw 5 of its levels.

You collected 195 gold pieces.

Inventory:

Hand Weapons
 h - the +7 flail "Doacad" (weapon) {pain, Int+4}
   (You found it on level 2 of the Dungeon)

   In the hands of one skilled in necromantic magic, it inflicts extra damage on
   living creatures.
   Int:       It affects your intelligence (+4).
Missiles
 c - 5 boomerangs of dispersal
 r - a silver boomerang
Armour
 a - a +0 leather armour (worn)
 m - a +1 helmet (worn)
Jewellery
 t - a ring of resist corrosion
Wands
 e - a wand of charming (10)
 k - a wand of digging (7)
Scrolls
 b - a scroll of blinking
 d - 3 scrolls of teleportation {unknown}
 i - 3 scrolls of identify {unknown}
 n - a scroll of amnesia {unknown}
 p - a scroll of summoning {unknown}
 s - a scroll of noise {unknown}
 u - a scroll of enchant weapon {unknown}
 v - a scroll of torment {unknown}
 w - a scroll of vulnerability {unknown}
Potions
 f - a potion of invisibility {unknown}
 g - a potion of berserk rage {unknown}
 j - 2 potions of curing
 l - a potion of magic {unknown}
 o - a potion of degeneration {unknown}
 q - a potion of might {unknown}


   Skills:
 + Level 2.3 Fighting
 - Level 1.1 Throwing
 - Level 0.7 Armour
 + Level 2.5 Dodging
 - Level 3.1 Unarmed Combat
 - Level 3.0 Spellcasting
 - Level 3.0 Translocations
 - Level 8.0 Ice Magic


You had 9 spell levels left.
You knew the following spells:

 Your Spells              Type           Power      Damage    Failure   Level
a - Freeze                Ice            100%       1d11      1%          1
b - Frozen Ramparts       Ice            72%        1d9       1%          3

Your spell library contained the following spells:

 Spells                   Type           Power      Damage    Failure   Level
 Blink                    Tloc           30%        N/A       9%          2
 Gell's Gravitas          Tloc           15%        N/A       16%         3
 Lesser Beckoning         Tloc           15%        N/A       16%         3
 Teleport Other           Tloc           15%        N/A       16%         3
 Pain                     Necr           12%        1d4       19%         1
 Hailstorm                Conj/Ice       19%        3d6       34%         4
 Manifold Assault         Tloc           15%        N/A       83%         5
 Agony                    Necr           3%         N/A       99%         5
 Excruciating Wounds      Necr           1%         N/A       99%         5
 Iskenderun's Battlesphe  Conj           3%         2d6       99%         5
 Iron Shot                Conj/Erth      1%         9d1       100%        6
 Spellforged Servitor     Conj/Summ      1%         N/A       100%        7


Dungeon Overview and Level Annotations

Branches:
Dungeon (5/15)
 Temple: D:4-7

Altars:
Xom
Yredelemnul
The Shining One

Shops:
D:2 (

Annotations:
D:2 1 runed translucent door, Crazy Yiuf, Sigmund
D:4 Blork the orc, Menkaure
D:5 Edmund


Innate Abilities, Weirdness & Mutations

You are small and have problems with some larger weapons.
You are completely attuned to the shadows.


Message History

Press: ? - help, Dir - look around, f - activate The walls around you are covered in ice.
A wyvern comes into view.
The wall freezes Edmund.
The wall freezes Edmund.
The wyvern hisses angrily.
You hit Edmund.
Edmund is lightly wounded.
The wall freezes Edmund.
Edmund zaps a wand.
The puff of flame hits you.
The wall freezes the wyvern.
The wall freezes Edmund.
Edmund barely misses you.
You hit Edmund but do no damage.
Edmund is moderately wounded.
The wall freezes the wyvern.
The wall freezes Edmund.
Edmund hits you with a +0 dire flail of protection.
A wyvern comes into view.
The wall freezes the wyvern.
The wall freezes Edmund.
Edmund hits you with a +0 dire flail of protection.
The wall freezes the wyvern.
The wyvern hisses angrily.
You hit Edmund.
Edmund is heavily wounded.
The wall freezes Edmund.
Edmund hits you with a +0 dire flail of protection!
The wall freezes the wyvern.
The wall freezes Edmund.
Edmund zaps a wand.
The puff of flame misses you.
The wall freezes the wyvern. x2
Unknown command.
You hit Edmund but do no damage.
Edmund is heavily wounded.
The wall freezes Edmund.
Edmund misses you.
The wall freezes the wyvern. x3
The wall freezes Edmund.
Edmund hits you with a +0 dire flail of protection!
* * * LOW HITPOINT WARNING * * *
The wall freezes the wyvern.
Unknown command.
It was a potion of curing.
You feel better.
The wall freezes Edmund.
Edmund zaps a wand.
The puff of flame hits you!
* * * LOW HITPOINT WARNING * * *
The wall freezes the wyvern. x2; The wall freezes Edmund.
Edmund zaps a wand.
The puff of flame hits you.
You die...

######## #......#
#.####.#
#########.####.#
#...@@ll.....#.#
...#######.##.#.#
.. #.##.#.# )
#.##.#.# #......#
####.### #.# #.#
#.#


You could see Edmund (fast) and 2 wyverns.

Vanquished Creatures
  A black bear (D:5)
  An ogre (D:4)
  A scorpion (D:4)
  A water moccasin zombie (D:5)
  2 howler monkeys
  A hound (D:5)
  A jelly (D:4)
  A centaur skeleton (D:4)
  A gnoll shaman (D:5)
  3 iguanas
  An orc wizard (D:5)
  2 scorpion zombies (D:3)
  Robin (D:3)
  8 gnolls (D:5)
  5 adders
  An ufetubus (D:4)
  A worm (D:2)
  A dart slug (D:1)
  4 orcs
  3 ball pythons
  4 endoplasms
  3 giant cockroaches
  18 goblins
  11 hobgoblins
  9 kobolds
  5 quokkas
  3 bats
  A frilled lizard (D:1)
  2 quokka zombies (D:3)
  2 rats
98 creatures vanquished.

Vanquished Creatures (others)
  A plant (D:5)
1 creature vanquished.

Grand Total: 99 creatures vanquished

Notes
Turn   | Place    | Note
-------+----------+-------------------------------------------
     0 | D:1      | sanka the Kobold Warper began the quest for the Orb.
     0 | D:1      | Reached XP level 1. HP: 12/12 MP: 3/3
   201 | D:1      | Reached XP level 2. HP: 17/17 MP: 5/5
   904 | D:1      | Learned a level 1 spell: Freeze
  1227 | D:1      | Reached XP level 3. HP: 15/21 MP: 6/6
  1337 | D:1      | Found a faded altar of an unknown god.
  1389 | D:1      | Reached skill level 1 in Ice Magic
  1867 | D:2      | HP: 1/21 [poisoned by an adder]
  2153 | D:2      | Learned a level 3 spell: Frozen Ramparts
  2290 | D:2      | Noticed Sigmund
  2396 | D:2      | Identified the +7 flail "Doacad" {pain, Int+4}
  2674 | D:2      | Found Seoff's Weapon Boutique.
  3094 | D:2      | Found a shimmering altar of Xom.
  3239 | D:2      | Reached skill level 2 in Ice Magic
  3311 | D:2      | Found a runed translucent door.
  3314 | D:2      | Noticed Crazy Yiuf
  3550 | D:3      | Reached XP level 4. HP: 26/26 MP: 7/7
  3612 | D:3      | Reached skill level 3 in Ice Magic
  3832 | D:3      | Found a basalt altar of Yredelemnul.
  4092 | D:3      | Reached XP level 5. HP: 17/30 MP: 8/8
  4306 | D:3      | Noticed Robin
  4335 | D:3      | Killed Robin
  4381 | D:3      | Reached skill level 4 in Ice Magic
  4656 | D:3      | Reached XP level 6. HP: 32/35 MP: 9/9
  4923 | D:4      | Reached skill level 5 in Ice Magic
  5105 | D:4      | Noticed Menkaure
  5210 | D:4      | Noticed Blork the orc
  5690 | D:4      | Noticed an ogre
  5699 | D:4      | Killed an ogre
  5793 | D:4      | Reached skill level 6 in Ice Magic
  5793 | D:4      | Reached XP level 7. HP: 40/40 MP: 10/10
  5874 | D:5      | Entered Level 5 of the Dungeon
  6429 | D:5      | Reached skill level 7 in Ice Magic
  6722 | D:5      | Found a glowing golden altar of the Shining One.
  7014 | D:5      | Reached XP level 8. HP: 32/44 MP: 7/11
  7116 | D:5      | Noticed Edmund
  7160 | D:5      | Reached skill level 8 in Ice Magic
  7241 | D:5      | Noticed a wyvern
  7244 | D:5      | Noticed a wyvern
  7247 | D:5      | Killed from afar by Edmund

Illustrated notes

Levels and vault maps discovered:
D:1:      dpeg_arrival_short_road, layout_basic,
          hellmonk_ecumenical_altar_run_dry, minmay_pentomino_q2
D:2:      layout_loops_cross, serial_shops, nicolae_shop_bloodbath_and_beyond,
          serial_co_window_serial, co_window_corner_a, co_window_paths_b,
          co_window_of_opportunity_a, co_window_cross_1, co_window_paths_a,
          co_window_broadway_a, co_window_corner_b, co_window_of_opportunity_b,
          co_window_broadway_b, co_window_corner_cb, co_window_4corner_a,
          glass_columns_b, glass_columns_c, glass_columns_a, glass_columns_b,
          glass_columns_b, basic_altar, grunt_decor_arrowhead,
          uniq_crazy_yiuf_cottage, uniq_sigmund
D:3:      layout_basic, nicolae_yredelemnul_corpse_copse, uniq_robin
D:4:      layout_rooms, uniq_menkaure, uniq_blork_the_orc
D:5:      layout_loops_corners, nicolae_dithmenos_the_darkroom,
          tso_oasis_becter, serial_shops, shop_coins, feat_on_display,
          uniq_ijyb, uniq_duvessa, uniq_edmund

Skill      XL: |  1  2  3  4  5  6  7  8 |
---------------+-------------------------+-----
Unarmed Combat | 3 |  3.1
Ice Magic      | 2 3 4 6 7 8 |  8.0
Spellcasting   | 3 |  3.0
Fighting       | |  2.3
Throwing       | |  1.1
Armour         | |  0.7
Dodging        | |  2.5
Translocations | |  3.0

Action                   |  1- 3 |  4- 6 |  7- 9 || total
-------------------------+-------+-------+-------++-------
Melee: Unarmed           |   113 |       |       ||   113
       Punch             |     2 |       |     2 ||     4
       Flail             |    17 |   102 |    85 ||   204
 Cast: Freeze            |     4 |       |       ||     4
       Frozen Ramparts   |       |     2 |     7 ||     9
  Use: Potion            |       |       |     1 ||     1
 Stab: Sleeping          |     5 |     4 |     1 ||    10
Armor: Leather armour    |    14 |    27 |    14 ||    55
Dodge: Dodged            |    82 |    98 |    77 ||   257
